 Dungeon Crawl Stone Soup version 0.19.0-19-g8c6edcc (webtiles) character file.

10138 leglesslizard the Cleaver (level 11, 0/99 HPs)
             Began as a Deep Dwarf Berserker on Nov 14, 2016.
             Was an Elder of Trog.
             Slain by a crocodile (7 damage)
             ... while paralysed
             ... on level 13 of the Dungeon on Nov 15, 2016.
             The game lasted 01:07:11 (9957 turns).

leglesslizard the Cleaver (Deep Dwarf Berserker)    Turns: 9957, Time: 01:07:12

Health: 0/99       AC: 23    Str: 23    XL:     11   Next: 32%
Magic:  12/12      EV:  2    Int:  9    God:    Trog [****..]
Gold:   757        SH:  0    Dex: 16    Spells: 0 memorised, 10 levels left

rFire  . . .     SeeInvis .     b - +0 hand axe (distort)
rCold  . . .     Gourm    .     o - +3 plate armour
rNeg   . . .     Faith    .     J - +0 buckler
rPois  .         Spirit   .     (no helmet)
rElec  .         Reflect  .     N - +2 cloak
rCorr  .         Harm     .     x - +1 pair of gloves
MR     +....                    n - +0 pair of boots
Stlth  ..........               y - amulet of rage
                                u - +4 ring of dexterity
                                l - +3 ring of evasion

@: paralysed, fainting, non-regenerating
A: damage resistance, recharge devices, sense surroundings 2, slow regeneration
3
a: Device Recharging, Berserk, Trog's Hand, Brothers in Arms, Burn Spellbooks,
Renounce Religion, Evoke Berserk Rage


You were on level 13 of the Dungeon.
You worshipped Trog.
Trog was greatly pleased with you.
You were fainting.

You visited 2 branches of the dungeon, and saw 14 of its levels.

You collected 757 gold pieces.

Inventory:

Hand Weapons
 a - a +0 hand axe
 b - a +0 hand axe of distortion (weapon)
 i - a +0 war axe
 S - the +5 rapier of the Ancient Tales {pierce, rF++ Int+5 Dex-2}
   (You took it off a wight on level 8 of the Dungeon)

   It inflicts extra damage upon your enemies.
   It affects your intelligence (+5).
   It affects your dexterity (-2).
   It greatly protects you from fire.
 Y - a +0 hand crossbow
Missiles
 e - 110 bolts
 m - 238 stones
 p - 74 sling bullets
 G - 2 tomahawks (quivered)
Armour
 n - a +0 pair of boots (worn)
 o - a +3 plate armour (worn)
 v - +0 steam dragon scales
 x - a +1 pair of gloves (worn)
 J - a +0 buckler (worn)
 N - a +2 cloak (worn)
 O - the +1 ring mail of Polytheism {+Blink +Fly rF+ rC+, unknown}
   (You found it on level 11 of the Dungeon)

   It protects you from fire.
   It protects you from cold.
   It lets you fly.
   It lets you blink.
Jewellery
 l - a +3 ring of evasion (left hand)
 s - a +2 amulet of reflection
 u - a +4 ring of dexterity (right hand)
 y - an amulet of rage (around neck)
Wands
 c - a wand of heal wounds (0/9)
 P - a wand of flame (36/48)
 R - a wand of random effects (9/48)
 T - a wand of flame (16/48)
Scrolls
 d - 2 scrolls of fear
 f - 11 scrolls of remove curse
 k - 2 scrolls of teleportation
 w - 2 scrolls of random uselessness {unknown}
 A - 5 scrolls of identify
 B - 2 scrolls of fog
 C - a scroll of brand weapon {unknown}
 D - a scroll of recharging {unknown}
 E - 2 scrolls of enchant weapon {unknown}
 F - a scroll of blinking {unknown}
 V - 2 scrolls of noise {unknown}
 X - a scroll of immolation {unknown}
 Z - 2 scrolls of silence {unknown}
Potions
 g - a potion of mutation {unknown}
 h - 5 potions of might
 j - 2 potions of curing
 q - a potion of lignification
 r - a potion of cure mutation
 t - a potion of cancellation {unknown}
 z - 2 potions of degeneration {unknown}
 H - a potion of resistance
 I - a potion of ambrosia {unknown}
 K - 2 potions of brilliance
 L - 2 potions of agility {unknown}
 M - 2 potions of flight {unknown}
 Q - a potion of berserk rage {unknown}
 U - a potion of haste {unknown}


   Skills:
 + Level 6.8 Fighting
 + Level 2.0 Short Blades
 + Level 11.8 Axes
 + Level 2.9 Crossbows
 + Level 7.2 Throwing
 + Level 7.8 Armour
 + Level 4.0 Dodging
 + Level 2.3 Stealth
 + Level 4.5 Shields
 + Level 3.0 Evocations


You had 10 spell levels left.
You didn't know any spells.

Dungeon Overview and Level Annotations

Branches:
Dungeon (13/15)            Temple (0/1) D:5            Lair (0/6) D:11
    Orc (1/2) D:9
 Vaults: D:13-14

Altars:
Elyvilon
Hepliaklqana

Annotations:
D:10 Fannar
D:11 Sonja


Innate Abilities, Weirdness & Mutations

You are resistant to damage.
You can recharge devices by infusing magical energy.
You passively map the area around you.
You do not regenerate.


Message History

The shadow hits you!
* * * LOW HITPOINT WARNING * * *
The wight hits you but does no damage. x2
The crocodile bites you.
The gargoyle hits you but does no damage.
The wight hits you but does no damage.
The shadow slips into darkness.
The shadow flickers and vanishes!
Deactivating autopickup; reactivate with Ctrl-A.
The wight hits you but does no damage. The wight hits you but does no damage.
The crocodile bites you but does no damage.
The gargoyle hits you with a mace.
* * * LOW HITPOINT WARNING * * *
The shadow strikes at you from the darkness!
* * * LOW HITPOINT WARNING * * *
Reactivating autopickup.
The wight hits you but does no damage. The crocodile bites you!
You die...

#..# #..# . *,
######..####..#####..* ,
, , ,
..................... ,
,,, ........?............
** *
######..#####..####..
#..# #..# * *, #..# #..#
* ***
########W.#####..####. ,
......t@9.............. ,
,.......zzz.............,
*
*#######.........#####..
#.........# . *
#.........# *
*#.........#** * ,,
,............. , , , ,, ,
............. , *, * * *
*


You could see a crocodile, a gargoyle, a shadow and 3 wights.

Vanquished Creatures
  2 hill giants
  A manticore (D:11)
  An efreet (D:11)
  Prince Ribbit (D:6)
  Grinder (D:5)
  3 hippogriffs
  Sigmund (D:6)
  A wyvern (D:9)
  A steam dragon (D:10)
  2 hungry ghosts
  Duvessa (D:6)
  A water moccasin (D:6)
  3 sky beasts
  6 orc warriors
  An ice beast (D:6)
  2 phantoms
  2 black bears (D:7)
  An eye of draining (D:10)
  13 ogres
  5 centaurs
  A big kobold (D:8)
  7 bullfrogs
  2 wyvern zombies (D:9)
  Dowan (D:6)
  A scorpion (D:4)
  A troll zombie (D:9)
  8 killer bees
  11 wights
  A howler monkey (D:5)
  2 crimson imps
  A quasit (D:10)
  6 hounds
  2 jellies
  9 orc wizards
  2 bullfrog skeletons
  6 orc priests
  2 iguanas (D:4)
  5 worker ants
  6 ogre zombies (D:9)
  4 gnolls (D:4)
  12 adders
  2 shadow imps
  An adder zombie (D:7)
  2 worms (D:2)
  2 dart slugs
  6 leopard geckos
  50 orcs
  A ball python (D:1)
  8 bats
  6 giant cockroaches
  8 goblins
  7 hobgoblins
  15 jackals
  12 kobolds
  3 quokkas
  A ball python skeleton (D:4)
  4 frilled lizards
  2 goblin skeletons (D:9)
  A goblin zombie (D:9)
  2 hobgoblin skeletons (D:9)
  A jackal skeleton (D:3)
  A leopard gecko zombie (D:6)
  5 orc skeletons (D:9)
  12 orc zombies (D:9)
  A quokka skeleton (D:8)
  8 rats
300 creatures vanquished.

Vanquished Creatures (others)
  A hill giant (D:11)
  A centaur zombie (D:11)
  A hungry ghost (D:9)
  An orc warrior (D:12)
  A sky beast (D:11)
  An ogre (D:9)
  A troll zombie (D:9)
  A wight (D:11)
  An iguana (D:11)
  A shadow imp (D:11)
  An orc (D:12)
  2 goblin zombies (D:9)
  A hobgoblin zombie (D:9)
14 creatures vanquished.

Grand Total: 314 creatures vanquished

Notes
Turn   | Place    | Note
-------+----------+-------------------------------------------
     0 | D:1      | leglesslizard the Deep Dwarf Berserker began the quest for the Orb.
     0 | D:1      | Reached XP level 1. HP: 20/20 MP: 1/1
   104 | D:1      | Reached XP level 2. HP: 21/27 MP: 2/2
   264 | D:1      | Reached ** piety under Trog
   330 | D:1      | Reached XP level 3. HP: 34/34 MP: 3/3
   991 | D:2      | Reached skill level 1 in Throwing
  1064 | D:2      | Reached skill level 4 in Axes
  1288 | D:2      | Reached skill level 1 in Stealth
  1296 | D:2      | Reached XP level 4. HP: 29/42 MP: 4/4
  1878 | D:2      | Found a hazy altar of Hepliaklqana.
  1976 | D:3      | Noticed a bullfrog
  1993 | D:3      | Killed a bullfrog
  1993 | D:3      | Reached XP level 5. HP: 45/49 MP: 5/5
  2264 | D:3      | Noticed an ogre
  2275 | D:3      | Killed an ogre
  2275 | D:3      | Reached skill level 5 in Axes
  2494 | D:3      | Reached XP level 6. HP: 56/56 MP: 6/6
  2730 | D:4      | Reached skill level 6 in Axes
  2952 | D:4      | Reached XP level 7. HP: 62/63 MP: 7/7
  3494 | D:5      | Entered Level 5 of the Dungeon
  3514 | D:5      | Reached skill level 7 in Axes
  3769 | D:5      | Reached XP level 8. HP: 72/72 MP: 8/8
  3770 | D:5      | Noticed Grinder
  3791 | D:5      | Killed Grinder
  3835 | D:5      | Reached skill level 8 in Axes
  3835 | D:5      | Reached skill level 1 in Shields
  4043 | D:5      | Found a staircase to the Ecumenical Temple.
  4461 | D:6      | Reached skill level 5 in Armour
  4493 | D:6      | Noticed Duvessa
  4493 | D:6      | Noticed Dowan
  4505 | D:6      | Killed Duvessa
  4508 | D:6      | Killed Dowan
  4590 | D:6      | Noticed Sigmund
  4608 | D:6      | Killed Sigmund
  4608 | D:6      | Reached skill level 9 in Axes
  4608 | D:6      | Gained mutation: You passively map the area around you. [Deep Dwarf growth]
  4608 | D:6      | Reached XP level 9. HP: 65/79 MP: 9/9
  4665 | D:6      | Noticed Prince Ribbit
  4700 | D:6      | Killed Prince Ribbit
  4700 | D:6      | Reached skill level 5 in Fighting
  5356 | D:7      | Reached skill level 5 in Throwing
  5869 | D:7      | Reached skill level 10 in Axes
  6232 | D:8      | Found a white marble altar of Elyvilon.
  6304 | D:8      | Got a twisted rapier {pierce}
  6316 | D:8      | Identified the +5 rapier of the Ancient Tales {pierce, rF++ Int+5 Dex-2} (You took it off a wight on level 8 of the Dungeon)
  6434 | D:8      | Reached XP level 10. HP: 78/91 MP: 9/9
  6535 | D:8      | Reached skill level 1 in Short Blades
  6836 | D:8      | Reached *** piety under Trog
  7105 | D:8      | Reached skill level 1 in Crossbows
  7690 | D:9      | Found a staircase to the Orcish Mines.
  7796 | D:9      | Reached **** piety under Trog
  7991 | Orc:1    | Entered Level 1 of the Orcish Mines
  7991 | Orc:1    | Noticed an orc sorcerer
  8039 | D:9      | Reached skill level 11 in Axes
  8379 | D:10     | Entered Level 10 of the Dungeon
  8379 | D:10     | Noticed Fannar
  8608 | D:10     | Noticed a hill giant
  8630 | D:10     | Killed a hill giant
  8630 | D:10     | Reached skill level 1 in Evocations
  9115 | D:11     | Found a staircase to the Lair.
  9208 | D:11     | Noticed a hill giant
  9209 | D:11     | Banished a hill giant
  9209 | D:11     | Reached XP level 11. HP: 95/99 MP: 11/11
  9365 | D:11     | Got a transparent ring mail
  9665 | D:11     | Noticed Sonja
  9874 | D:12     | Noticed a hill giant
  9885 | D:12     | Killed a hill giant
  9949 | D:13     | Paralysed by fainting for 9 turns
  9957 | D:13     | Slain by a crocodile

Skill      XL: |  1  2  3  4  5  6  7  8  9 10 11 |
---------------+----------------------------------+-----
Fighting       | 3 4 5 6 |  6.8
Throwing       | 1 2 3 4 5 6 7 |  7.2
Axes           | 4 5 6 7 9 10 11 | 11.8
Stealth        | 1 2 |  2.3
Armour         | 3 4 5 6 7 |  7.8
Dodging        | 3 4 |  4.0
Shields        | 2 3 4 |  4.5
Short Blades   | 2 |  2.0
Crossbows      | 2 |  2.9
Evocations     | 2 3 |  3.0

Action                   |  1- 3 |  4- 6 |  7- 9 | 10-12 || total
-------------------------+-------+-------+-------+-------++-------
Melee: Hand axe          |   104 |   185 |   457 |   488 ||  1234
       Rapier            |       |       |    19 |    61 ||    80
 Fire: Hand crossbow     |       |       |       |    28 ||    28
Throw: Stone             |    74 |    38 |    72 |   125 ||   309
       Tomahawk          |       |    13 |    44 |    80 ||   137
Invok: Trog's Hand       |     2 |     9 |    16 |    11 ||    38
       Berserk           |     1 |     2 |     9 |     3 ||    15
       Burn Spellbooks   |       |       |       |     2 ||     2
 Abil: Device Recharging |       |       |     1 |       ||     1
Evoke: Wand              |       |       |     1 |    19 ||    20
  Use: Scroll            |       |       |     6 |     1 ||     7
       Potion            |       |       |       |    11 ||    11
  Eat: Bread ration      |     1 |     1 |     1 |       ||     3
       Meat ration       |     1 |     1 |     3 |     1 ||     6
       Pizza             |       |       |     4 |       ||     4
       Beef jerky        |       |       |     1 |       ||     1
       Fruit             |       |       |       |    11 ||    11
Armor: Animal skin       |    25 |       |       |       ||    25
       Chain mail        |       |    77 |   133 |       ||   210
       Plate armour      |       |       |    48 |   264 ||   312
Dodge: Dodged            |    81 |   127 |   239 |   226 ||   673
Block: Buckler           |       |       |    67 |    97 ||   164
